 Dungeon Crawl Stone Soup version 0.28-a0-1182-g381e24db82 (webtiles) character file.

Game seed: 1047282854963363719

87 BlueGoblin the Skirmisher (level 4, 0/24 HPs)
             Began as a Vine Stalker Fighter on Dec 17, 2021.
             Killed by divine providence
             ... invoked by an orc priest
              (13 damage)
             ... on level 3 of the Dungeon.
             The game lasted 00:03:12 (2863 turns).

BlueGoblin the Skirmisher (Vine Stalker Fighter)    Turns: 2863, Time: 00:03:12

Health: 0/24       AC: 11    Str: 20    XL:     4   Next: 51%
Magic:  0/5        EV:  7    Int:  8    God:
Gold:   112        SH:  5    Dex: 14    Spells: 3/3 levels left

rFire   . . .      SeeInvis .   a - +0 rapier
rCold   . . .      Faith    .   c - +0 buckler
rNeg    . . .      Spirit   +   g - +0 chain mail
rPois   .          Reflect  .   (no helmet)
rElec   .          Harm     .   (no cloak)
rCorr   .          Rampage  .   j - +1 pair of gloves
Will    .....                   (no boots)
Stlth   ..........              (no amulet)
HPRegen 0.88/turn               (no ring)
MPRegen 0.09/turn               (no ring)

@: no status effects
A: fangs 2, regeneration 1, magic shield, antimagic bite, no potion heal 2
a: no special abilities


You were on level 3 of the Dungeon.
You visited 1 branch of the dungeon, and saw 3 of its levels.

You collected 112 gold pieces.

Inventory:

Hand Weapons
 a - a +0 rapier (weapon)
Armour
 c - a +0 buckler (worn)
 g - a +0 chain mail (worn)
 j - a +1 pair of gloves (worn)
Scrolls
 f - a scroll of identify
Potions
 d - a potion of might
 h - a potion of mutation
 i - a potion of curing


   Skills:
 + Level 3.2 Fighting
 + Level 2.7 Short Blades
 + Level 3.0 Armour
 + Level 0.3 Dodging
 + Level 3.1 Shields


You had 3 spell levels left.
You didn't know any spells.
Your spell library contained the following spells:

 Spells                   Type           Power      Damage    Failure   Level
 Ozocubu's Armour         Ice            0%         N/A       100%        3
 Ozocubu's Refrigeration  Ice            0%         4d5       100%        7


Dungeon Overview and Level Annotations

Branches:
Dungeon (3/15)

Altars:
Nemelex Xobeh


Innate Abilities, Weirdness & Mutations

You have extremely sharp teeth.
Your natural rate of healing is unusually fast.
When hurt, damage is shared between your health and your magic reserves.
Your bite disrupts and absorbs the magic of your enemies.
Potions cannot restore your health.


Message History

The orc priest barely misses you.
You hit the orc priest. Your bite misses the orc priest.
The orc priest is severely wounded.
You hit the orc. Your bite misses the orc.
The orc is heavily wounded.
The orc priest calls upon Beogh to heal the orc.
The orc's wounds heal themselves!
The orc hits you but does no damage.
You barely miss the orc. Your bite misses the orc.
The orc priest calls down the wrath of Beogh upon you.
Beogh smites you!
An orc comes into view. It is wielding a +0 club.
The orc wizard gestures wildly while chanting.
The orc wizard flickers and vanishes!
Deactivating autopickup; reactivate with Ctrl-A.
The orc barely misses you.
The orc shouts!
The orc priest casts a cantrip, but nothing happens.
You block the orc's attack.
The orc priest invokes the aid of Beogh against you.
Pain shoots through your body!
You puncture the orc!
You kill the orc!
The orc priest hits you but does no damage.
You see here a +0 hand axe.
The orc priest hits you with a +0 trident.
You barely miss the orc priest.
You bite the orc priest, but do no damage.
The orc priest is severely wounded.
The orc priest invokes the aid of Beogh against you.
Beogh smites you!
You are too injured to fight recklessly!
You closely miss the orc priest.
The orc priest is severely wounded.
The orc barely misses you.
The orc priest begins to cast a cantrip, but forgets the words!
You see here a +0 hand axe.
The orc priest invokes the aid of Beogh against you.
Beogh smites you!
Ouch! That really hurt!
You die...

##.##.###.......###
#.#...##.........#
##......#.......#.#######
#.......##.##.#.#..<....#
#####.......##.#....#######.#
.......#....##..###.#######.#####
.......##.#.##..# #..oo.o........
######.##.#.#...###o######.o...##
# #..>.......@.).o........#.# #
####.#.#...##########.###.# #
#######.............####.# #.#
###..........#.######......# #o#
....##.###...#.# ######## #{#
######.# ##)##.# #o# ## #.#
#.##.# #.# .#####.# #<##.# #o#
.......# #.##.# o.#


You could see an orc priest and an orc.

Vanquished Creatures
  2 adders
  4 dart slugs (D:2)
  A worm (D:2)
  2 orcs (D:3)
  4 endoplasms
  3 giant cockroaches
  5 goblins
  6 hobgoblins
  5 kobolds
  4 quokkas
  7 ball pythons
  5 bats
  A frilled lizard (D:3)
  5 rats
54 creatures vanquished.

Notes
Turn   | Place    | Note
-------+----------+-------------------------------------------
     0 | D:1      | BlueGoblin the Vine Stalker Fighter began the quest for the
                  | Orb.
     0 | D:1      | Reached XP level 1. HP: 11/11 MP: 2/2
   322 | D:1      | Reached XP level 2. HP: 16/16 MP: 3/3
  1386 | D:2      | Reached XP level 3. HP: 20/20 MP: 4/4
  1825 | D:2      | Gained mutation: Your natural rate of healing is unusually
                  | fast. [Vine Stalker growth]
  1825 | D:2      | Reached XP level 4. HP: 24/24 MP: 5/5
  2521 | D:3      | Found a faded altar of an unknown god.
  2521 | D:3      | Found a sparkling altar of Nemelex Xobeh.
  2863 | D:3      | Killed from afar by an orc priest

Illustrated notes

Levels and vault maps discovered:
D:1:      heliophobic_arrival_battle_scene, layout_loops_cross, serial_forest,
          infiniplex_forest_clump_tiny, infiniplex_forest_lined_corner,
          infiniplex_forest_straight_4, infiniplex_forest_end_double,
          infiniplex_forest_clump_small, infiniplex_forest_end_2,
          infiniplex_forest_lined_2, chequers_serial_rivers_large_a
D:2:      layout_loops_ring, st_stairs_12, kennysheep_boxes
D:3:      layout_loops_ring, nicolae_overflow_ecumenical_swirl,
          basic_ecumenical_altar

Skill      XL: |  1  2  3 |
---------------+----------+-----
Fighting       | 3 |  3.2
Short Blades   | 2 |  2.7
Shields        | 3 |  3.1
Armour         | 3 |  3.0
Dodging        | |  0.3

Action                   |  1- 3 |  4- 6 || total
-------------------------+-------+-------++-------
Melee: Rapier            |   102 |    42 ||   144
       Bite              |    24 |    11 ||    35
  Use: Scroll            |       |     3 ||     3
Armor: Scale mail        |    28 |       ||    28
       Chain mail        |     8 |    18 ||    26
Dodge: Dodged            |    40 |    14 ||    54
Block: Buckler           |    22 |     8 ||    30

Table legend: (Time is in decaauts)
 A = Elapsed time spent in this place.
 B = Non-inter-level travel time spent in this place.
 C = Inter-level travel time spent in this place.
 D = Time resting spent in this place.
 E = Time spent auto-exploring this place.
 F = Levels seen in this place.
 G = Mean time per level.
                   A        B        C        D        E       F      G
               +--------+--------+--------+--------+--------+-----+--------+
         Total |   2888 |   2792 |     96 |      0 |   2411 |   3 |  962.7 |
       Dungeon |   2888 |   2792 |     96 |      0 |   2411 |   3 |  962.7 |
               +--------+--------+--------+--------+--------+-----+--------+

Top non-repeatable levels by time:
     D:1: 1378 daAuts
     D:2: 880 daAuts
     D:3: 629 daAuts
